 Dungeon Crawl Stone Soup version 0.30-a0-778-g2ef04afb54 (webtiles) character file.

Game seed: 17313104742186498335

3061 Zenkrye the Spear-Bearer (level 10, -3/72 HPs)
             Began as a Human Cinder Acolyte on Feb 16, 2023.
             Was a High Priest of Ignis.
             Slain by a cyclops (27 damage)
             ... on level 8 of the Dungeon.
             The game lasted 00:23:19 (8747 turns).

Zenkrye the Spear-Bearer (Human Cinder Acolyte)     Turns: 8747, Time: 00:23:19

Health: -3/72      AC: 12    Str: 17    XL:     10   Next: 12%
Magic:  2/13       EV: 11    Int: 22    God:    Ignis [*****.]
Gold:   464        SH:  4    Dex:  9    Spells: 6/13 levels left

rFire   + . .      SeeInvis .    a - +0 spear (flame)
rCold   . . .      Faith    .    i - +0 buckler
rNeg    . . .      Spirit   .    C - +0 steam dragon scales
rPois   .          Reflect  .    f - +1 helmet
rElec   .          Harm     .    (no cloak)
rCorr   .          Rampage  .    E - +0 pair of gloves
Will    .....                    (no boots)
Stlth   +                        G - amulet of regeneration
HPRegen 1.12/turn                p - +4 ring of protection
MPRegen 0.13/turn                t - +6 ring of intelligence

@: no status effects
A: no striking features
a: Renounce Religion, Fiery Armour, Foxfire Swarm, Rising Flame


You were on level 8 of the Dungeon.
You worshipped Ignis.
Ignis was extremely pleased with you.
You visited 1 branch of the dungeon, and saw 8 of its levels.

You collected 464 gold pieces.

Inventory:

Hand Weapons
 a - a +0 spear of flaming (weapon)
 e - the +4 dagger of Courage {flame, rC+++ Will+ Int+2 Dex-5}
   (You found it on level 2 of the Dungeon)

   Int:       It affects your intelligence (+2).
   Dex:       It affects your dexterity (-5).
   rC:        It renders you almost immune to cold.
   Will:      It increases your willpower.
Missiles
 c - 18 boomerangs (quivered)
 o - 24 poisoned darts
 B - 2 silver boomerangs
 L - 2 atropa-tipped darts
 M - 3 boomerangs of dispersal
Armour
 b - a +0 robe
 f - a +1 helmet (worn)
 i - a +0 buckler (worn)
 l - a +0 scale mail
 w - a +0 ring mail
 C - +0 steam dragon scales (worn)
 E - a +0 pair of gloves (worn)
 I - a +2 leather armour of poison resistance
 J - the +1 ring mail of Insecurity {rPois rF- rC++ Int+3}
   (You found it on level 6 of the Dungeon)

   Int:       It affects your intelligence (+3).
   rF:        It makes you vulnerable to fire.
   rC:        It greatly protects you from cold.
   rPois:     It protects you from poison.
 K - the +1 robe of Dyspraxia {Fly Str+2 Int+2}
   (You found it on level 6 of the Dungeon)

   Str:       It affects your strength (+2).
   Int:       It affects your intelligence (+2).
   Fly:       It grants you flight.
Magical Staves
 s - a staff of death
Jewellery
 p - a +4 ring of protection (left hand)
 r - an amulet of the acrobat
 t - a +6 ring of intelligence (right hand)
 G - an amulet of regeneration (around neck)
Wands
 A - a wand of light (8)
Scrolls
 g - 2 scrolls of teleportation {@r3}
 h - 7 scrolls of blinking {@r4}
 q - a scroll of enchant weapon
 u - 3 scrolls of enchant armour
 y - 2 scrolls of amnesia
 N - a scroll of poison
Potions
 d - 9 potions of curing {@q1}
 j - 3 potions of brilliance
 k - 2 potions of mutation
 m - a potion of invisibility
 n - a potion of experience {unknown}
 v - 3 potions of haste {unknown}
 x - 2 potions of lignification {unknown}
 z - 4 potions of flight {unknown}
 D - 3 potions of might {unknown}
 F - 2 potions of resistance {unknown}
 H - a potion of magic {unknown}


   Skills:
 + Level 4.2 Fighting
 + Level 11.0 Polearms
 + Level 2.9 Dodging
 * Level 2.5 Shields
 - Level 2.0 Spellcasting
 - Level 5.0 Fire Magic
 - Level 3.0 Earth Magic
 - Level 3.0 Evocations


You had 6 spell levels left.
You knew the following spells:

 Your Spells              Type           Power      Damage    Failure   Level
a - Scorch                Fire           48%        2d7       3%          2
b - Passwall              Tmut/Erth      6%         N/A       14%         2
c - Swiftness             Air            2%         N/A       47%         3

Your spell library contained the following spells:

 Spells                   Type           Power      Damage    Failure   Level
 Ensorcelled Hibernation  Hex/Ice        4%         N/A       26%         2
 Gell's Gravitas          Tloc           2%         N/A       47%         3
 Teleport Other           Tloc           2%         N/A       47%         3
 Dispersal                Tloc           1%         N/A       100%        6


Dungeon Overview and Level Annotations

Branches:
Dungeon (8/15)             Temple (0/1) D:7
   Lair: D:8-11

Altars:
Cheibriados
Kikubaaqudgha
Sif Muna
Vehumet
Wu Jian
Xom
Yredelemnul
The Shining One

Shops:
D:2 *   D:6 (   D:8 :

Annotations:
D:5 exclusion: statue


Message History

Flames lash the cyclops.
The cyclops is lightly wounded.
The cyclops's fire resistance burns away.
The cyclops hits you but does no damage.
Casting: Scorch (safe; 3% risk of failure)
Confirm with . or Enter, or press ? or * to list all spells.
Flames lash the cyclops.
The cyclops is burned terribly!
The cyclops is moderately wounded.
The cyclops hits you!
Casting: Scorch (safe; 3% risk of failure)
Confirm with . or Enter, or press ? or * to list all spells.
Flames lash the howler monkey.
The howler monkey is moderately wounded.
The howler monkey's fire resistance burns away.
The howler monkey hoots and howls with incredible vigour!
You barely miss the cyclops.
The cyclops is moderately wounded.
The cyclops hits you!!
You hit the cyclops. You burn the cyclops.
The cyclops is moderately wounded.
You hit the cyclops but do no damage.
The cyclops is moderately wounded.
Casting: Scorch (safe; 3% risk of failure)
Confirm with . or Enter, or press ? or * to list all spells.
Flames lash the cyclops.
The cyclops is burned terribly!
The cyclops is severely wounded.
The howler monkey is no longer more vulnerable to fire.
The cyclops closely misses you.
Casting: Scorch (safe; 3% risk of failure)
Confirm with . or Enter, or press ? or * to list all spells.
Flames lash the cyclops.
The cyclops is burned terribly!
The cyclops is almost dead.
The cyclops hits you!!
Casting: Scorch (safe; 3% risk of failure)
Confirm with . or Enter, or press ? or * to list all spells.
Flames lash the cyclops.
The cyclops is burned terribly!
The cyclops is almost dead.
The howler monkey hoots and howls with incredible vigour!
The cyclops hits you!!
You die...

. ..# #.# #. ###.# #.. ...
..... ##.. ....
#.#.##########... .....
#.#.##...#.#.##..
.....o######.#.##..##.#.##..
.....o.z...#............##..
.....#####.#.#...##.##......
... #.@.##..##)##...... .
#C#.##......>......
##h#####.##.##.....#
#........##.##.....#
.#######..[.....##.##.....#
...................##.....#
........##########.########
......#.###.# #.....#
............# #######


You could see a cyclops (combustible) and a howler monkey (catching breath).

Vanquished Creatures
  Maggie (D:6)
  A wraith (D:6)
  A black bear (D:5)
  A centaur (D:7)
  2 phantoms
  A kobold brigand (D:6)
  A bullfrog (D:6)
  2 necrophages
  A wyvern zombie (D:7)
  2 scorpions
  18 wights
  3 howler monkeys
  2 hounds
  A bullfrog zombie (D:7)
  A human zombie (D:7)
  2 orc priests (D:8)
  A gnoll bouda (D:6)
  3 iguanas
  7 orc wizards
  3 killer bee zombies (D:7)
  A mummy (D:7)
  11 gnolls
  A howler monkey zombie (D:7)
  6 adders
  2 white imps
  An ufetubus (D:5)
  5 worms
  3 dart slugs
  25 orcs
  4 endoplasms
  4 giant cockroaches
  3 goblins
  9 hobgoblins
  3 jackals (D:2)
  5 quokkas
  10 ball pythons
  8 bats
  3 frilled lizards
  14 kobolds
  3 rats
175 creatures vanquished.

Vanquished Creatures (others)
  4 fungi (D:6)
  26 plants (D:5)
30 creatures vanquished.

Grand Total: 205 creatures vanquished

Notes
Turn   | Place    | Note
-------+----------+-------------------------------------------
     0 | D:1      | Zenkrye the Human Cinder Acolyte began the quest for the
                  | Orb.
     0 | D:1      | Reached XP level 1. HP: 18/18 MP: 2/2
   206 | D:1      | Reached XP level 2. HP: 13/24 MP: 3/3
   775 | D:2      | Reached XP level 3. HP: 29/29 MP: 4/4
   796 | D:2      | Learned a level 2 spell: Scorch
   839 | D:2      | Identified the +4 dagger of Courage {flame, rC+++ Will+
                  | Int+2 Dex-5}
   997 | D:2      | Reached skill level 4 in Polearms
  1237 | D:2      | Reached XP level 4. HP: 21/35 MP: 5/5
  1353 | D:2      | Found Soarolug's Assorted Antiques.
  1479 | D:3      | Found a snail-covered altar of Cheibriados.
  1496 | D:3      | Found a shimmering altar of Xom.
  1943 | D:3      | Reached XP level 5. HP: 41/41 MP: 1/6
  2352 | D:3      | Reached skill level 5 in Polearms
  2762 | D:4      | Reached XP level 6. HP: 34/47 MP: 2/7
  2884 | D:4      | Reached skill level 1 in Evocations
  3461 | D:5      | Entered Level 5 of the Dungeon
  3604 | D:5      | Reached XP level 7. HP: 45/52 MP: 3/8
  3696 | D:5      | Found a radiant altar of Vehumet.
  3935 | D:5      | Reached skill level 6 in Polearms
  4691 | D:6      | Reached skill level 5 in Fire Magic
  4893 | D:6      | Found a glowing golden altar of the Shining One.
  4909 | D:6      | Noticed Maggie
  4949 | D:6      | Killed Maggie
  4950 | D:6      | Reached skill level 8 in Polearms
  4950 | D:6      | Reached XP level 8. HP: 30/58 MP: 2/9
  5469 | D:6      | Noticed a wraith
  5480 | D:6      | Killed a wraith
  5481 | D:6      | Reached skill level 9 in Polearms
  5610 | D:6      | Identified the +1 ring mail of Insecurity {rPois rF- rC++
                  | Int+3}
  5648 | D:6      | Identified the +1 robe of Dyspraxia {Fly Str+2 Int+2}
  5700 | D:6      | Found an ornate altar of the Wu Jian Council.
  5798 | D:6      | Found Kophenn's Weapon Emporium.
  6013 | D:6      | Learned a level 2 spell: Passwall
  6017 | D:6      | Learned a level 3 spell: Swiftness
  6128 | D:6      | Reached XP level 9. HP: 54/63 MP: 10/10
  6294 | D:7      | Reached skill level 1 in Earth Magic
  6302 | D:7      | Reached skill level 10 in Polearms
  6727 | D:7      | Reached skill level 1 in Dodging
  6796 | D:7      | Found an ancient bone altar of Kikubaaqudgha.
  7181 | D:7      | Found a shimmering blue altar of Sif Muna.
  7325 | D:7      | Found a staircase to the Ecumenical Temple.
  7537 | D:8      | Found Kujuz's Vocational Training.
  7957 | D:8      | Reached skill level 1 in Shields
  8104 | D:8      | Reached XP level 10. HP: 71/71 MP: 9/13
  8178 | D:8      | Identified the +1 ring mail of Hide-and-Seek {rN+ Str-5
                  | Dex+2}
  8374 | D:8      | Found a basalt altar of Yredelemnul.
  8634 | D:8      | Reached skill level 11 in Polearms
  8718 | D:8      | Noticed a cyclops
  8747 | D:8      | Slain by a cyclops

Illustrated notes

Levels and vault maps discovered:
D:1:      minmay_arrival_solitary_statue, layout_loops_cross,
          minmay_pentomino_v2
D:2:      layout_basic, serial_shops, shop_statue, minmay_ruptured
D:3:      layout_loops_ring, mainiacjoe_overflow_swirl
D:4:      layout_basic
D:5:      layout_basic, vehumet_statue, serial_bayou, serial_bayou_crossing,
          serial_bayou_pond_a, serial_bayou_lake_a, serial_bayou_lagoon_a
D:6:      layout_loops_corners, kennysheep_mini_moat,
          mainiacjoe_overflow_boulevard, serial_shops, nicolae_shop_trees,
          supply_closet_lemuel, uniq_maggie
D:7:      layout_rooms, lemuel_mausoleum_altar_kikubaaqudgha, marbit_many_paths,
          minmay_temple_entry_antechambers, lemuel_flame_loot_1
D:8:      layout_basic, mainiacjoe_overflow_alcove_1,
          fedhas_altar_decomposition, nicolae_shop_vocational

Skill      XL: |  1  2  3  4  5  6  7  8  9 10 |
---------------+-------------------------------+-----
Polearms       | 4 5 8 9 10 11 | 11.0
Fire Magic     | 4 5 |  5.0
Evocations     | 1 3 |  3.0
Earth Magic    | 3 |  3.0
Dodging        | 2 |  2.9
Spellcasting   | 2 |  2.0
Shields        | 1 2 |  2.5
Fighting       | 4 |  4.2

Action                     |  1- 3 |  4- 6 |  7- 9 | 10-12 || total
---------------------------+-------+-------+-------+-------++-------
  Melee: Spear             |   147 |   213 |   296 |    26 ||   682
         Punch             |     2 |       |     4 |       ||     6
  Throw: Boomerang         |       |     5 |     3 |     3 ||    11
         Dart              |       |     2 |     3 |       ||     5
   Cast: Scorch            |       |    13 |    83 |    23 ||   119
  Evoke: Wand              |       |       |     3 |       ||     3
    Use: Scroll            |     4 |     8 |     5 |       ||    17
         Potion            |       |     1 |       |       ||     1
   Stab: Invisible         |       |       |     1 |       ||     1
         Distracted        |       |       |     1 |       ||     1
 Armour: Robe              |     6 |       |       |       ||     6
         Ring mail         |    45 |    57 |    20 |       ||   122
         Steam dragon scal |       |       |    86 |     9 ||    95
  Dodge: Dodged            |    62 |    60 |   105 |     8 ||   235
  Block: Buckler           |       |       |     4 |     5 ||     9

Table legend: (Time is in decaauts)
 A = Elapsed time spent in this place.
 B = Non-inter-level travel time spent in this place.
 C = Inter-level travel time spent in this place.
 D = Time resting spent in this place.
 E = Time spent auto-exploring this place.
 F = Levels seen in this place.
 G = Mean time per level.
                   A        B        C        D        E       F      G
               +--------+--------+--------+--------+--------+-----+--------+
         Total |   8650 |   8466 |    184 |   1158 |   5762 |   8 | 1081.2 |
       Dungeon |   8650 |   8466 |    184 |   1158 |   5762 |   8 | 1081.2 |
               +--------+--------+--------+--------+--------+-----+--------+

Top non-repeatable levels by time:
     D:6: 1694 daAuts
     D:7: 1504 daAuts
     D:5: 1201 daAuts
     D:3: 1048 daAuts
     D:4: 867 daAuts
     D:8: 832 daAuts
     D:2: 806 daAuts
     D:1: 696 daAuts
